 Dungeon Crawl Stone Soup version 0.32-a0-900-g30fb1b0edc (webtiles) character file.

Game seed: 14790173176151678136

5068 runemasterragnar the Skirmisher (level 10, 0/77 HPs)
             Began as a Coglin Hunter on Apr 5, 2024.
             Was a Believer of Uskayaw.
             Slain by Maurice
             ... wielding a +0 falchion
              (6 damage)
             ... on level 8 of the Dungeon.
             The game lasted 00:12:30 (7812 turns).

runemasterragnar the Skirmisher (Coglin Hunter)     Turns: 7812, Time: 00:12:31

Health: 0/77       AC:  4    Str: 11    XL:     10   Next: 56%
Magic:  5/13       EV: 14    Int:  9    God:    Uskayaw [**....]
Gold:   0          SH:  0    Dex: 22    Spells: 8/9 levels left

rFire   . . .        a - +2 sling {Kamaljyot}
rCold   . . .        d - +0 sling {Qiuyue}
rNeg    . . .        c - +0 leather armour
rPois   .            (no helmet)
rElec   .            k - +0 cloak
rCorr   .            (no gloves)
SInv    .            (no boots)
Will    .....        (amulet unavailable)
Stlth   +            (ring unavailable)
HPRegen 0.32/turn    (ring unavailable)
MPRegen 0.13/turn    (no gizmo)

%: no passive effects
@: confused, ambrosia-drunk, attractive, studying Dodging
A: off-hand wielding, slow wielding, warmup strikes, no jewellery
a: Invent Gizmo, Renounce Religion, Stomp, Line Pass


You were on level 8 of the Dungeon.
You worshipped Uskayaw.
Uskayaw was noncommittal.
You visited 1 branch of the dungeon, and saw 8 of its levels.

Inventory:

Hand Weapons
 a - a +2 sling (weapon) {Kamaljyot}
 d - a +0 sling (offhand) {Qiuyue}
Armour
 c - a +0 leather armour (worn)
 k - a +0 cloak (worn)
Wands
 o - a wand of polymorph (16)
 v - a wand of charming (3)
 x - a wand of flame (29)
Scrolls
 e - 3 scrolls of immolation {unknown}
 g - 3 scrolls of brand weapon {unknown}
 h - a scroll of enchant armour {unknown}
 j - 2 scrolls of teleportation
 l - 4 scrolls of revelation
 m - a scroll of poison {unknown}
 p - a scroll of noise {unknown}
 s - 3 scrolls of amnesia {unknown}
 y - a scroll of enchant weapon {unknown}
 A - a scroll of fear
Potions
 b - a potion of might {unknown}
 f - 2 potions of brilliance
 i - 4 potions of degeneration
 n - 2 potions of curing
 t - 2 potions of haste
 z - a potion of lignification {unknown}


   Skills:
 + Level 6.3 Fighting
 * Level 8.6 Ranged Weapons
 + Level 6.0 Dodging
 + Level 5.3 Stealth
 + Level 4.1 Invocations
 + Level 6.7 Evocations


You had 8 spell levels left.
You knew the following spells:

 Your Spells              Type           Power      Damage    Failure   Level
a - Apportation           Tloc           0%         N/A       47%         1

Your spell library contained the following spells:

 Spells                   Type           Power      Damage    Failure   Level
 Necrotise                Necr           0%         1d4       47%         1
 Sting                    Conj/Alch      0%         1d3       47%         1
 Summon Small Mammal      Summ           0%         N/A       47%         1
 Anguish                  Hex/Necr       0%         N/A       99%         4
 Cause Fear               Hex            0%         N/A       99%         4
 Enfeeble                 Hex            0%         N/A       100%        7


Dungeon Overview and Level Annotations

Branches:
Dungeon (8/15)             Temple (0/1) D:6
   Lair: D:8-11

Altars:
Cheibriados
Elyvilon
Fedhas
Kikubaaqudgha
Nemelex Xobeh
Qazlal
Sif Muna
Trog
Uskayaw
Vehumet
Xom

Shops:
D:4 **

Annotations:
D:4 3 runed translucent doors, NotBatman's ghost, amateur TrFi
D:8 Maurice


Innate Abilities, Weirdness & Mutations

You can wield a second weapon in your off-hand.
It takes a long time for you to wield or remove held weapons.
Your first few attacks do less damage.
You cannot equip rings or amulets.


Message History

Maurice is heavily wounded.
Maurice gestures wildly while chanting.
Maurice flickers and vanishes!
Deactivating autopickup; reactivate with Ctrl-A.
You can now pass through a line of other dancers.
Aiming: Throw Flame
Press: ? - help, Shift-Dir - straight line The puff of flame hits something.
Something hits you.
Something groans, "What are you, a monk?"
Something bites you.
You feel your power leaking away. Something drains your magic.
Aiming: Throw Flame
Press: ? - help, Shift-Dir - straight line The puff of flame hits something.
Something hits you!
Something mutters, "Now where did you hide it?"
Something bites you. Something drains your magic.
Unknown command.
Aiming: Throw Flame
Press: ? - help, Shift-Dir - straight line Something hits you.
Something grunts, "Curses!"
Something bites you.
* * * LOW HITPOINT WARNING * * *
You feel your power leaking away. Something drains your magic.
It was a potion of attraction.
You feel attractive to monsters. Something hits you!
* * * LOW HITPOINT WARNING * * *
Something groans, "What are you, a monk?"
Something closely misses you.
It was a potion of ambrosia.
You are confused.
You feel invigorated. Something hits you!
* * * LOW HITPOINT WARNING * * *
Something grunts, "Curses!"
Something bites you.
You die...
Your body falls in perfect tune with the rhythm.

.. # .. . . ..
######## .## .. .
#......# .. ... ..#
##.###.# #.#.. . .[
#.# #.# ... .<. #
#.###.######.#...#.##
#.#......@{..)......#
#.#.#.######.#...#..#
## #.#.#.# .# .#..#
#. #.# #.# .# #..# #.
#.# #.# .# #..# #.
#.# #.# .. #..#####.
#.# #.. . ..
#........ #.# ###
....####.####### #.#
................


There were no monsters in sight!

Vanquished Creatures
  Erica (D:8)
  Pikel (D:5)
  Grinder (D:3)
  Sigmund (D:2)
  A yak (D:7)
  Eustachio (D:5)
  Edmund (D:5)
  Menkaure (D:5)
  An acid dragon (D:8)
  A black bear (D:6)
  An ice beast (D:5)
  An orc warrior (D:8)
  2 ogres
  5 centaurs
  5 phantoms
  A kobold brigand (D:6)
  2 scorpions
  3 gnoll sergeants
  2 wights (D:7)
  5 bombardier beetles
  2 jellies
  7 hounds
  2 orc priests
  2 sleepcaps
  Jessica (D:3)
  Ijyb (D:3)
  Natasha (thrice) (D:4)
  6 iguanas
  4 orc wizards
  Robin (D:2)
  13 gnolls
  10 adders
  2 shadow imps
  4 white imps
  7 dart slugs
  2 ribbon worms (D:3)
  17 orcs
  12 ball pythons
  4 endoplasms
  A giant cockroach (D:1)
  12 goblins
  8 hobgoblins
  2 jackals (D:2)
  9 kobolds
  5 quokkas
  8 bats
  A frilled lizard (D:1)
  A rat (D:2)
184 creatures vanquished.

Vanquished Creatures (collateral kills)
  A wight (D:7)
  A jelly (D:7)
  An orc priest (D:7)
3 creatures vanquished.

Grand Total: 187 creatures vanquished

Notes
Turn   | Place    | Note
-------+----------+-------------------------------------------
     0 | D:1      | runemasterragnar the Coglin Hunter began the quest for the
                  | Orb.
     0 | D:1      | Reached XP level 1. HP: 16/16 MP: 1/1
    50 | D:1      | Reached skill level 1 in Stealth
    55 | D:1      | Reached XP level 2. HP: 22/22 MP: 2/2
  1078 | D:2      | Reached skill level 4 in Ranged Weapons
  1078 | D:2      | Reached XP level 3. HP: 27/27 MP: 3/3
  1280 | D:2      | Noticed Sigmund
  1291 | D:2      | Killed Sigmund
  1292 | D:2      | Reached XP level 4. HP: 6/35 MP: 4/4
  1292 | D:2      | Reached XP level 5. HP: 7/41 MP: 5/5
  1844 | D:2      | Noticed Robin
  1854 | D:2      | Killed Robin
  1855 | D:2      | Reached XP level 6. HP: 41/47 MP: 6/6
  2146 | D:3      | Reached skill level 5 in Ranged Weapons
  2146 | D:3      | Reached skill level 1 in Evocations
  2168 | D:3      | Noticed Jessica
  2174 | D:3      | Killed Jessica
  2209 | D:3      | Found a hide-covered altar of Uskayaw.
  2225 | D:3      | Found a blossoming altar of Fedhas.
  2247 | D:3      | Became a worshipper of Uskayaw the Reveller
  2304 | D:3      | Noticed Ijyb
  2305 | D:3      | Reached * piety under Uskayaw
  2308 | D:3      | Reached ** piety under Uskayaw
  2315 | D:3      | Killed Ijyb
  2471 | D:3      | Reached *** piety under Uskayaw
  2546 | D:3      | Noticed Grinder
  2559 | D:3      | Killed Grinder
  2560 | D:3      | Reached XP level 7. HP: 32/53 MP: 2/7
  2565 | D:3      | Reached **** piety under Uskayaw
  2566 | D:3      | Reached skill level 1 in Invocations
  3113 | D:4      | Found Weynoank's Neck Hole.
  3279 | D:4      | Found a shimmering altar of Xom.
  3413 | D:4      | Reached XP level 8. HP: 21/60 MP: 9/9
  3415 | D:4      | Reached skill level 6 in Ranged Weapons
  3630 | D:4      | Noticed Natasha
  3637 | D:4      | Killed Natasha
  3673 | D:4      | Noticed Natasha
  3681 | D:4      | Killed Natasha
  3692 | D:4      | Noticed Natasha
  3698 | D:4      | Killed Natasha
  3745 | D:4      | Found Ohevaote's Assorted Antiques.
  4055 | D:4      | Found a runed translucent gate.
  4056 | D:4      | Found a runed translucent gate.
  4057 | D:4      | Found a runed translucent gate.
  4058 | D:4      | Noticed NotBatman's ghost (amateur TrFi)
  4150 | D:5      | Entered Level 5 of the Dungeon
  4413 | D:5      | Noticed Menkaure
  4439 | D:5      | Killed Menkaure
  4615 | D:5      | Noticed Pikel
  4629 | D:5      | Killed Pikel
  4629 | D:5      | Noticed Eustachio
  4630 | D:5      | Reached skill level 5 in Fighting
  4630 | D:5      | Reached skill level 7 in Ranged Weapons
  4630 | D:5      | Reached XP level 9. HP: 36/68 MP: 5/11
  4664 | D:5      | Killed Eustachio
  4665 | D:5      | Reached skill level 5 in Evocations
  4665 | D:5      | Found a snail-covered altar of Cheibriados.
  4824 | D:5      | Noticed Edmund
  4838 | D:5      | Killed Edmund
  5102 | D:5      | Found a sparkling altar of Nemelex Xobeh.
  5223 | D:6      | Reached ***** piety under Uskayaw
  5240 | D:6      | Reached skill level 5 in Dodging
  5241 | D:6      | Reached ****** piety under Uskayaw
  5395 | D:6      | Learned a level 1 spell: Apportation
  5521 | D:6      | Found a staircase to the Ecumenical Temple.
  5784 | D:6      | Found a radiant altar of Vehumet.
  6061 | D:7      | Found a bloodstained altar of Trog.
  6232 | D:7      | Noticed a hornet
  6381 | D:7      | Reached XP level 10. HP: 46/76 MP: 12/12
  6387 | D:7      | Reached skill level 8 in Ranged Weapons
  6627 | D:7      | Found a stormy altar of Qazlal.
  6880 | D:7      | Reached skill level 5 in Stealth
  7074 | D:7      | Found a white marble altar of Elyvilon.
  7137 | D:8      | Found a shimmering blue altar of Sif Muna.
  7139 | D:8      | Found an ancient bone altar of Kikubaaqudgha.
  7475 | D:8      | Noticed Erica
  7486 | D:8      | Killed Erica
  7763 | D:8      | Noticed Maurice
  7773 | D:8      | Something stole a beast talisman
  7774 | D:8      | Something stole 407 gold
  7812 | D:8      | Slain by Maurice

Illustrated notes

Levels and vault maps discovered:
D:1:      roadster_arrival_rocket_large, layout_loops_corners,
          supply_closet_lemuel, kennysheep_small_spiral, dk_noncrumbling_4
D:2:      layout_basic, uniq_robin, uniq_sigmund
D:3:      minmay_recursive_quarters, layout_loops_ring,
          mainiacjoe_overflow_tiny_flanked, mainiacjoe_overflow_small_starburst,
          serial_bayou_lagoon_b, uniq_ijyb, uniq_grinder, uniq_jessica
D:4:      minmay_spotlight, layout_basic, xom_redecorated,
          gammafunk_ghost_nasty_kobolds, serial_shops,
          nicolae_shop_just_a_little_nook, nicolae_shop_sticking_my_neck_out,
          uniq_natasha
D:5:      layout_loops_ring, mainiacjoe_overflow_brackets,
          mainiacjoe_overflow_alcove_2, uniq_edmund, uniq_pikel, uniq_menkaure,
          uniq_eustachio
D:6:      layout_loops_ring, nicolae_vehumet_radiance,
          minmay_temple_entry_glassed_door, nicolae_titane
D:7:      layout_basic, kennysheep_mini_moat, mainiacjoe_overflow_catwalk,
          mainiacjoe_overflow_cross_hatched, minmay_checkerbox
D:8:      layout_basic, jmf_multi_god_temple, uniq_prince_ribbit1, uniq_maurice,
          uniq_erica

Skill      XL: |  1  2  3  4  5  6  7  8  9 10 |
---------------+-------------------------------+-----
Stealth        | 1 2 3 4 5 |  5.3
Dodging        | 2 3 4 5 6 |  6.0
Ranged Weapons | 4 5 7 8 |  8.6
Fighting       | 3 4 5 6 |  6.3
Evocations     | 2 3 4 5 6 |  6.7
Invocations    | 1 2 3 4 |  4.1

Action                     |  1- 3 |  4- 6 |  7- 9 | 10-12 || total
---------------------------+-------+-------+-------+-------++-------
  Melee: Sling             |       |       |     2 |     2 ||     4
   Fire: Sling             |   110 |   228 |   706 |   240 ||  1284
 Invoke: Line Pass         |       |     1 |     1 |       ||     2
         Stomp             |       |       |     1 |     1 ||     2
  Evoke: Wand              |       |     1 |     7 |    14 ||    22
    Use: Potion            |       |     1 |     1 |     2 ||     4
         Scroll            |       |       |     6 |     2 ||     8
 Armour: Leather armour    |    13 |    16 |    78 |    66 ||   173
  Dodge: Dodged            |    11 |    21 |    88 |    29 ||   149

Table legend: (Time is in decaauts)
 A = Elapsed time spent in this place.
 B = Non-inter-level travel time spent in this place.
 C = Inter-level travel time spent in this place.
 D = Time resting spent in this place.
 E = Time spent auto-exploring this place.
 F = Levels seen in this place.
 G = Mean time per level.
                   A        B        C        D        E       F      G
               +--------+--------+--------+--------+--------+-----+--------+
         Total |   7927 |   7760 |    167 |    581 |   5932 |   8 |  990.9 |
       Dungeon |   7927 |   7760 |    167 |    581 |   5932 |   8 |  990.9 |
               +--------+--------+--------+--------+--------+-----+--------+

Top non-repeatable levels by time:
     D:2: 1099 daAuts
     D:7: 1060 daAuts
     D:4: 1060 daAuts
     D:1: 1055 daAuts
     D:5: 1041 daAuts
     D:3: 1011 daAuts
     D:6: 865 daAuts
     D:8: 732 daAuts
